 Dungeon Crawl Stone Soup version 0.26-a0-835-g8259106e14 (webtiles) character file.

Game seed: 9301099438129254742

109 Baz the Skirmisher (level 4, -3/22 HPs)
             Began as a Felid Wanderer on Nov 17, 2020.
             Slain by an adder (4 damage)
             ... on level 3 of the Dungeon.
             The game lasted 00:09:05 (4213 turns).

Baz the Skirmisher (Felid Wanderer)                 Turns: 4213, Time: 00:09:06

Health: -3/22      AC:  1    Str:  6 (7)  XL:     4   Next: 60%
Magic:  6/6        EV: 17    Int: 10 (13) God:
Gold:   129        SH:  0    Dex: 15 (17) Spells: 1/5 levels left
                                        Lives:  0   Deaths: 1

rFire    . . .     SeeInvis +     - Unarmed
rCold    . . .     Faith    +   (shield unavailable)
rNeg     . . .     Spirit   .   (armour unavailable)
rPois    .         Reflect  .   (helmet unavailable)
rElec    .         Harm     .   (cloak unavailable)
rCorr    .         Rampage  .   (gloves unavailable)
MR       .....                  (boots unavailable)
Stlth    +++.......             e - amulet of faith
HPRegen  0.07/turn              (no ring)
MPRegen  0.10/turn              k - ring of flight

@: lethally poisoned (-3 -> -6), appendages (expiring), quick
A: very small, no armour, no weapons or thrown items, stealth, claws 1, fangs 3,
horns 2, see invisible, speed 1, shaggy fur 1, sharp paws
a: End Transformation, Evoke Flight


You were on level 3 of the Dungeon.
You had grown temporary horns.
You visited 1 branch of the dungeon, and saw 3 of its levels.

You collected 129 gold pieces.

Inventory:

Jewellery
 e - an amulet of faith (around neck)
 k - a ring of flight (right paw)
Scrolls
 a - a scroll of identify
 b - 2 scrolls of teleportation
 d - a scroll of enchant armour
 l - a scroll of magic mapping {unknown}
Potions
 g - a potion of heal wounds {unknown}
 h - a potion of magic {unknown}
 i - a potion of brilliance {unknown}


   Skills:
 - Level 3.7 Fighting
 - Level 1.7 Dodging
 - Level 3.4 Stealth
 - Level 2.2 Unarmed Combat
 - Level 1.1 Spellcasting
 + Level 3.1 Transmutations
 - Level 1.7 Fire Magic
 - Level 1.1 Evocations


You had one spell level left.
You knew the following spells:

 Your Spells              Type           Power        Failure   Level
a - Beastly Appendage     Tmut           #.....       10%         1
b - Spider Form           Tmut/Pois      #.........   47%         3

Your spell library contained the following spells:

 Spells                   Type           Power        Failure   Level
 Animate Skeleton         Necr           #.....       34%         1
 Apportation              Tloc           #.....       34%         1
 Corona                   Hex            #......      34%         1
 Summon Small Mammal      Summ           #...         34%         1
 Wereblood                Tmut           #.......     14%         2
 Ice Form                 Ice/Tmut       #.......     87%         4
 Blade Hands              Tmut           #.........   95%         5


Dungeon Overview and Level Annotations

Branches:
Dungeon (3/15)

Altars:
Qazlal


Innate Abilities, Weirdness & Mutations

You cannot wear armour.
You are incapable of wielding weapons or throwing items.
Your paws allow you to move quietly. (Stealth)
You have sharp claws.
You have razor-sharp teeth.
You have supernaturally acute eyesight. (SInv)
You cover ground quickly.
You are covered in fur. (AC +1)
Your sharp claws are effective at attacking unaware monsters.
You have a pair of horns on your head.


Message History

You feel sick. The adder misses you.
You scratch the adder. Your headbutt misses the adder.
The adder is almost dead.
You feel sick. The adder closely misses you. The adder misses you.
You barely miss the adder. You headbutt the adder.
You kill the adder!
Your Transmutations skill increases to level 3!
You barely miss the adder. The adder closely misses you.
You scratch the adder but do no damage.
You feel sick. The adder bites you. x2
* * * LOW HITPOINT WARNING * * *
You completely miss the adder. The adder misses you.
You claw the adder! Your headbutt misses the adder.
The adder is severely wounded.
The adder misses you.
It was a potion of degeneration.
There was something very wrong with that liquid.
You feel weakened.
You feel dopey.
You feel clumsy.
* * * LOW HITPOINT WARNING * * *
You feel sick. The adder bites you.
You die...

#†# ###.### #.....#
# ###.....##.#
#..........#
#.##.....##....) ..
#.....# .###
#####..#..# #
#.#######..S@.###.#
#.........###..#..#
#.#..g##..# ##...##
#..## #.g# ##### #
..S# #.... #...##
....# #...#


You could see an adder and a hobgoblin (wandering).

Vanquished Creatures
  8 adders
  An ooze (D:3)
  4 worms
  A dart slug (D:1)
  A leopard gecko (D:2)
  4 giant cockroaches
  7 goblins
  9 hobgoblins
  2 quokkas (D:2)
  A ball python (D:1)
  4 bats
  6 frilled lizards
  14 kobolds
  5 rats
67 creatures vanquished.

Notes
Turn   | Place    | Note
-------+----------+-------------------------------------------
     0 | D:1      | Baz the Felid Wanderer began the quest for the Orb.
     0 | D:1      | Baz set off with the following items: 2 scrolls of
                  | teleportation; and the following spell memorised: Beastly
                  | Appendage; and the following spells available to memorise:
                  | Wereblood, Spider Form, Ice Form, Blade Hands
     0 | D:1      | Reached XP level 1. HP: 10/10 MP: 2/2
   123 | D:1      | Reached XP level 2. HP: 6/14 MP: 1/3
  1274 | D:1      | Reached XP level 3. HP: 13/17 MP: 2/4
  2315 | D:1      | Reached XP level 4. HP: 5/21 MP: 5/5
  2889 | D:2      | HP: 1/21 [quokka (3)]
  2890 | D:2      | Slain by an adder
  2891 | D:2      | Reached XP level 3. HP: -3/17 MP: 4/4
  2942 | D:2      | Reached skill level 1 in Dodging
  3316 | D:2      | Reached skill level 1 in Spellcasting
  3342 | D:2      | Found a stormy altar of Qazlal.
  3452 | D:2      | Learned a level 3 spell: Spider Form
  3489 | D:2      | Reached XP level 4. HP: 19/21 MP: 4/6
  4213 | D:3      | HP: 1/22 [poisoned by an adder]
  4213 | D:3      | Slain by an adder

Illustrated notes

Levels and vault maps discovered:
D:1:      minmay_arrival_glassed_features, layout_loops_ring,
          minmay_misc_feat_chi, minmay_misc_feat_columns, minivault_4
D:2:      layout_rooms, marbit_many_paths
D:3:      layout_loops_ring, lemuel_zombie_altar_kikubaaqudgha, uniq_grinder

Skill      XL: |  1  2  3  4 |
---------------+-------------+-----
Stealth        | 3 |  3.4
Transmutations | 2 3 |  3.1
Dodging        | 1 |  1.7
Unarmed Combat | 2 |  2.2
Spellcasting   | 1 |  1.1
Fighting       | |  3.7
Fire Magic     | |  1.7
Evocations     | |  1.1

Action                   |  1- 3 |  4- 6 || total
-------------------------+-------+-------++-------
Melee: Unarmed           |   155 |    82 ||   237
       Headbutt          |    19 |    10 ||    29
       Bite              |     9 |     5 ||    14
       Punch             |       |     1 ||     1
 Cast: Beastly Appendage |    23 |     7 ||    30
  Use: Potion            |     1 |     2 ||     3
       Scroll            |       |     3 ||     3
 Stab: Sleeping          |    11 |     4 ||    15
Armor: Skin              |    12 |     2 ||    14
Dodge: Dodged            |   125 |    70 ||   195

Table legend: (Time is in decaauts)
 A = Elapsed time spent in this place.
 B = Non-inter-level travel time spent in this place.
 C = Inter-level travel time spent in this place.
 D = Time resting spent in this place.
 E = Time spent auto-exploring this place.
 F = Levels seen in this place.
 G = Mean time per level.
                   A        B        C        D        E       F      G
               +--------+--------+--------+--------+--------+-----+--------+
         Total |   3907 |   3823 |     84 |   2140 |    861 |   3 | 1302.3 |
       Dungeon |   3907 |   3823 |     84 |   2140 |    861 |   3 | 1302.3 |
               +--------+--------+--------+--------+--------+-----+--------+

Top non-repeatable levels by time:
     D:1: 2394 daAuts
     D:2: 1198 daAuts
     D:3: 314 daAuts
